 Dungeon Crawl Stone Soup version 0.25.0-1-g7eea58d (webtiles) character file.

Game seed: 7894238970865127240

55 Think the Shield-Bearer (level 3, 0/33 HPs)
             Began as a Minotaur Fighter on June 21, 2020.
             Succumbed to an adder's poison
             ... on level 2 of the Dungeon.
             The game lasted 00:05:18 (1138 turns).

Think the Shield-Bearer (Minotaur Fighter)          Turns: 1138, Time: 00:05:19

Health: 0/33       AC:  7    Str: 20    XL:     3   Next: 67%
Magic:  2/2        EV:  7    Int:  5    God:
Gold:   75         SH:  9    Dex: 10    Spells: 2/2 levels left

rFire    . . .     SeeInvis .   a - +0 flail
rCold    . . .     Gourm    .   c - +0 kite shield
rNeg     . . .     Faith    .   b - +0 scale mail
rPois    .         Spirit   .   (helmet restricted)
rElec    .         Reflect  .   (no cloak)
rCorr    .         Harm     .   (no gloves)
MR       .....                  (no boots)
Stlth    ..........             (no amulet)
HPRegen  0.11/turn              (no ring)
MPRegen  0.08/turn              (no ring)

@: mighty, lethally poisoned (0 -> -3)
A: retaliatory headbutt, horns 2
a: no special abilities


You were on level 2 of the Dungeon.
You were hungry.

You visited 1 branch of the dungeon, and saw 2 of its levels.

You collected 75 gold pieces.

Inventory:

Hand Weapons
 a - a +0 flail (weapon)
Armour
 b - a +0 scale mail (worn)
 c - a +0 kite shield (worn)
Jewellery
 k - an uncursed amulet of reflection {unknown}
Scrolls
 e - 2 scrolls of remove curse {unknown}
 i - a scroll of enchant weapon {unknown}
 j - a scroll of teleportation {unknown}
Potions
 h - 2 potions of magic
Comestibles
 f - 3 rations


   Skills:
 + Level 4.1 Fighting
 * Level 3.6 Maces & Flails
 + Level 4.1 Armour
 + Level 4.1 Shields


You had 2 spell levels left.
You didn't know any spells.
Your spell library was empty.

Dungeon Overview and Level Annotations

Branches:
Dungeon (2/15)

Altars:


Innate Abilities, Weirdness & Mutations

You reflexively headbutt those who attack you in melee.
You have a pair of horns on your head.


Message History

The adder poisons you! The rat barely misses you. The adder closely misses you.
You barely miss the adder.
The adder is lightly wounded.
* * * LOW HITPOINT WARNING * * *
You feel sick. The adder bites you but does no damage.
You block the rat's attack. The adder bites you.
* * * LOW HITPOINT WARNING * * *
The rat bites you.
* * * LOW HITPOINT WARNING * * *
You feel very mighty all of a sudden.
* * * LOW HITPOINT WARNING * * *
You feel sick. The adder bites you but does no damage.
You block the rat's attack.
You miss the adder.
The adder is lightly wounded.
You block the adder's attack. The rat bites you but does no damage.
The adder barely misses you.
You barely miss the adder. Your headbutt misses the adder.
The adder is lightly wounded.
You die...

.........................
.##.#..###.........#.###
..##.#..#######.###.#.###
.........................
#.##.#..###########.#....
#.##.#..##..........#..#.
........##..........#..#.
..#.#####r##..........#....
........†S@...........##.#.
#########.#................
#.#...........##...
#.#...........##..#
#.#...(.......##..#
#.#...........##..#
#.#................
..#...........#...#
.......#########.#...#


You could see an adder and a rat.

Vanquished Creatures
  2 adders (D:2)
  2 dart slugs (D:1)
  3 giant cockroaches (D:1)
  4 goblins
  4 hobgoblins
  3 jackals (D:2)
  A kobold (D:2)
  4 bats (D:1)
  5 frilled lizards
  2 rats
30 creatures vanquished.

Notes
Turn   | Place    | Note
-------+----------+-------------------------------------------
     0 | D:1      | Think the Minotaur Fighter began the quest for the Orb.
     0 | D:1      | Reached XP level 1. HP: 19/19 MP: 0/0
   270 | D:1      | Reached XP level 2. HP: 27/27 MP: 1/1
   766 | D:2      | Reached XP level 3. HP: 33/33 MP: 2/2
  1136 | D:2      | HP: 1/33 [poisoned by an adder]
  1138 | D:2      | Succumbed to an adder's poison

Illustrated notes

Levels and vault maps discovered:
D:1:      ncdulo_halloftheorcs, layout_loops_ring
D:2:      layout_basic

Skill      XL: |  1  2 |
---------------+-------+-----
Maces & Flails | 3 |  3.6
Fighting       | 4 |  4.1
Armour         | 4 |  4.1
Shields        | 4 |  4.1

Action                   || total
-------------------------++-------
Melee: Flail             ||   108
       Headbutt          ||     8
  Use: Potion            ||     2
Armor: Scale mail        ||    62
Dodge: Dodged            ||    31
Block: Kite shield       ||    69
